 Dungeon Sprint DCSS version 0.29.1-2-gbd0b4ee654 (webtiles) character file.

Game seed: 13446451517305113181

808 Zeld the Cleaver (level 7, -5/106 HPs)
             Began as a Minotaur Berserker on Oct 25, 2022.
             Was a Believer of Trog.
             Slain by a chaos spawn (14 damage)
             ... summoned by a kobold demonologist
             ... in the Dungeon (Sprint I: "Red Sonja").
             The game lasted 00:00:32 (770 turns).

Zeld the Cleaver (Minotaur Berserker)                Turns: 770, Time: 00:00:33

Health: -5/106     AC:  2    Str: 24    XL:     7   Next: 60%
Magic:  6/6        EV: 14    Int:  4    God:    Trog [**....]
Gold:   270        SH:  0    Dex:  9    Spells: 6/6 levels left

rFire   . . .      SeeInvis .   a - +0 hand axe
rCold   . . .      Faith    .   (no shield)
rNeg    . . .      Spirit   .   b - +0 animal skin
rPois   .          Reflect  .   (helmet restricted)
rElec   .          Harm     .   (no cloak)
rCorr   .          Rampage  .   (no gloves)
Will    .....      NoTele   +   (no boots)
Stlth   ..........              (no amulet)
HPRegen 0.27/turn               (no ring)
MPRegen 0.10/turn               (no ring)

@: berserking (expiring), spiked, very quick
A: horns 2, retaliatory headbutt
a: Renounce Religion, Berserk, Trog's Hand


You were in the Dungeon.
You worshipped Trog.
Trog was pleased with you.
You visited 1 branch You collected 270 gold pieces.

Inventory:

Hand Weapons
 a - a +0 hand axe (weapon)
Armour
 b - a +0 animal skin (worn)
Wands
 i - a wand of iceblast (10)
 j - a wand of digging (4)
Scrolls
 h - a scroll of blinking
Potions
 c - a potion of curing
 d - a potion of heal wounds
 e - a potion of haste
 f - 2 potions of magic
 g - a potion of berserk rage


   Skills:
 + Level 9.7 Fighting
 * Level 13.1 Axes
 + Level 9.4 Armour
 + Level 8.5 Dodging


You had 6 spell levels left.
You didn't know any spells.
Your spell library was empty.

Dungeon Overview and Level Annotations

Branches:
Dungeon (1/1)

Altars:
Makhleb
Xom
Jiyva
Lugonu


Innate Abilities, Weirdness & Mutations

You have a pair of horns on your head.
You reflexively headbutt those who attack you in melee.


Message History

The kobold demonologist miscasts a cantrip.
The barbs in your skin will harm you if you move.
Continue?
The barbed spikes dig painfully into your body as you move.
The red devil hits you from afar with a +0 trident!
Barbed spikes become lodged in your body.
The kobold demonologist completely misses you.
You furiously retaliate!
You headbutt the kobold demonologist.
The chaos spawn gibbers incoherently in a cacophony of voices.
You hit the kobold demonologist.
The kobold demonologist is moderately wounded.
You hit the chaos spawn. x2
The red devil hits you from afar with a +0 trident!
Barbed spikes become lodged in your body.
The chaos spawn hits you!
* * * LOW HITPOINT WARNING * * *
Space warps around you.
* * * LOW HITPOINT WARNING * * *
Unknown command.
Unknown command.
You hit the kobold demonologist. You headbutt the kobold demonologist!
The kobold demonologist is moderately wounded.
You hit the chaos spawn. You slash the chaos spawn!
The kobold demonologist miscasts a cantrip.
Unknown command.
Unknown command.
You barely miss the kobold demonologist.
Your headbutt misses the kobold demonologist.
The kobold demonologist is moderately wounded.
You hit the chaos spawn but do no damage. x2
The chaos spawn completely misses you.
Unknown command.
You hit the kobold demonologist but do no damage.
You headbutt the kobold demonologist!
The kobold demonologist is severely wounded.
You hit the chaos spawn. You slash the chaos spawn!
The red devil hits you from afar with a +0 trident!!
* * * LOW HITPOINT WARNING * * *
Barbed spikes become lodged in your body.
The chaos spawn hits you!
You die...

####################
)..#..'..#__#..'@K.#
#..').#..'..'..#44.#
##'#####+#__####.4.+
#..# #### ##### ####


You could see a kobold demonologist, 2 chaos spawn and a red devil (summoned).

Vanquished Creatures
  A kobold demonologist (D)
  A slime creature (D)
  Sigmund (D)
  A floating eye (D)
  An ogre (D)
  Ijyb (D)
6 creatures vanquished.

Notes
Turn   | Place    | Note
-------+----------+-------------------------------------------
     0 | D        | Zeld the Minotaur Berserker began the quest for the Orb.
     0 | D        | Reached XP level 1. HP: 19/19 MP: 0/0
     1 | D        | Noticed Ijyb
    11 | D        | Killed Ijyb
    12 | D        | Reached skill level 5 in Axes
    12 | D        | Reached XP level 2. HP: 28/28 MP: 1/1
   170 | D        | Noticed an ogre
   172 | D        | Killed an ogre
   173 | D        | Reached skill level 7 in Axes
   173 | D        | Reached skill level 5 in Armour
   173 | D        | Reached XP level 3. HP: 37/37 MP: 2/2
   173 | D        | Reached XP level 4. HP: 44/44 MP: 3/3
   378 | D        | Noticed Sigmund
   382 | D        | Killed Sigmund
   382 | D        | Reached ** piety under Trog
   383 | D        | Reached skill level 10 in Axes
   383 | D        | Reached XP level 5. HP: 52/52 MP: 4/4
   383 | D        | Reached XP level 6. HP: 60/60 MP: 5/5
   554 | D        | Found a burning altar of Makhleb.
   554 | D        | Found a viscous altar of Jiyva.
   554 | D        | Found a shimmering altar of Xom.
   554 | D        | Found a corrupted altar of Lugonu.
   554 | D        | Noticed a slime creature
   561 | D        | Killed a slime creature
   562 | D        | Reached skill level 11 in Axes
   756 | D        | Noticed a kobold demonologist
   756 | D        | Noticed a floating eye
   756 | D        | Noticed a kobold demonologist
   759 | D        | Paralysed by a floating eye for 2 turns
   760 | D        | Noticed a red devil
   761 | D        | Noticed a chaos spawn
   762 | D        | Killed a floating eye
   763 | D        | Reached skill level 12 in Axes
   763 | D        | Reached XP level 7. HP: 61/70 MP: 6/6
   763 | D        | Killed a kobold demonologist
   764 | D        | Reached skill level 13 in Axes
   764 | D        | Noticed a chaos spawn
   770 | D        | Slain by a chaos spawn

Illustrated notes

Levels and vault maps discovered:
D:        dungeon_sprint_1 [red_sonja_temple_1, red_sonja_temple_small_1]

Skill      XL: |  1  2  3  4  5  6  7 |
---------------+----------------------+-----
Fighting       | 4 6 7 9 |  9.7
Axes           | 5 7 10 12 13 | 13.1
Armour         | 3 5 7 8 9 |  9.4
Dodging        | 3 4 6 7 8 |  8.5

Action                   |  1- 3 |  4- 6 |  7- 9 || total
-------------------------+-------+-------+-------++-------
Melee: Hand axe          |     9 |    11 |     5 ||    25
       Headbutt          |     2 |     4 |     2 ||     8
Invok: Berserk           |     2 |     3 |       ||     5
Dodge: Dodged            |     3 |     3 |     3 ||     9
